 Dungeon Crawl Stone Soup version 0.21.1-1-g345015f (webtiles) character file.

32754 Kairos the Protected (level 13, -3/84 HPs)
             Began as a Gargoyle Gladiator on Mar 27, 2018.
             Was the Champion of Okawaru.
             Slain by a death yak (11 damage)
             ... led by a torpor snail
             ... on level 6 of the Lair of Beasts.
             The game lasted 01:00:03 (19293 turns).

Kairos the Protected (Gargoyle Gladiator)          Turns: 19293, Time: 01:00:03

Health: -3/84      AC: 32    Str: 20    XL:     13   Next: 66%
Magic:  13/15      EV: 12    Int: 11    God:    Okawaru [******]
Gold:   1390       SH:  5    Dex: 15    Spells: 10/15 levels left

rFire    . . .     SeeInvis +   V - +1 dire flail "Jeniw" {drain, rC+ SInv}
rCold    + . .     Gourm    .   (shield currently unavailable)
rNeg     + . .     Faith    .   I - +0 plate armour
rPois    ∞         Spirit   .   O - +0 mask of the Dragon {MR+ Slay+3 SInv}
rElec    +         Reflect  +   (no cloak)
rCorr    .         Harm     .   Q - +1 pair of gloves of Coronation {Stlth+}
MR       +....                  a - +0 pair of boots
Stlth    +.........             x - +5 amulet of reflection
HPRegen  0.24/turn              (no ring)
MPRegen  0.14/turn              o - +3 ring of intelligence

@: about to teleport, heroism
A: mutation resistance 1, negative energy resistance 1, electricity resistance,
unbreathing, petrification resistance, rot immunity, AC +9
a: Heroism, Finesse, Renounce Religion


You were on level 6 of the Lair of Beasts.
You worshipped Okawaru.
Okawaru was exalted by your worship.
You were hungry.

You visited 3 branches of the dungeon, and saw 15 of its levels.
You also visited: Labyrinth, Ossuary and Bailey.

You collected 1390 gold pieces.

Inventory:

Hand Weapons
 l - a +1 antimagic whip
 L - the +1 trident "Beetleslayer" {pierce, Str+5 Stlth+}
   (You found it in a labyrinth)

   It inflicts extra damage upon your enemies.
   It affects your strength (+5).
   It makes you more stealthy.
 M - a +3 whip of electrocution
 V - the +1 dire flail "Jeniw" (weapon) {drain, rC+ SInv}
   (Okawaru gifted it to you on level 5 of the Lair of Beasts)

   A truly terrible weapon, it drains the life of those it strikes.
   It protects you from cold.
   It lets you see invisible.
Missiles
 c - 3 poisoned javelins
 d - 4 throwing nets
 H - 31 tomahawks of returning (quivered)
Armour
 a - a +0 pair of boots (worn)
 I - a +0 plate armour (worn)
 O - the +0 mask of the Dragon (worn) {MR+ Slay+3 SInv}
   (You found it in a labyrinth)

   It affects your accuracy and damage with ranged weapons and melee attacks
   (+3).
   It affects your resistance to hostile enchantments.
   It lets you see invisible.
 P - a +1 buckler of protection
 Q - the +1 pair of gloves of Coronation (worn) {Stlth+}
   (Okawaru gifted it to you on level 2 of the Lair of Beasts)

   It makes you more stealthy.
Jewellery
 o - a +3 ring of intelligence (right hand)
 u - an uncursed ring of protection from fire
 x - a +5 amulet of reflection (around neck)
Wands
 v - a wand of flame (30)
 D - a wand of disintegration (41)
 F - a wand of clouds (8)
 G - a wand of paralysis (12)
 T - a wand of acid (9)
Scrolls
 b - 2 scrolls of enchant armour
 i - 4 scrolls of teleportation
 j - 3 scrolls of magic mapping
 k - 8 scrolls of remove curse
 m - 2 scrolls of fear {unknown}
 y - a scroll of noise {unknown}
 z - a scroll of acquirement {unknown}
 A - 2 scrolls of fog
 R - a scroll of blinking {unknown}
Potions
 e - 5 potions of flight
 h - 2 potions of heal wounds
 n - 12 potions of curing
 r - a potion of ambrosia
 s - 3 potions of agility
 t - a potion of magic
 w - 5 potions of brilliance
 E - 3 potions of haste
Miscellaneous
 K - a lamp of fire
Comestibles
 f - 21 rations


   Skills:
 + Level 10.8(15.8) Fighting
 + Level 12.9(17.9) Maces & Flails
 + Level 3.0(8.0) Polearms
 + Level 6.2(11.2) Throwing
 + Level 13.0(18.0) Armour
 + Level 5.2(10.2) Dodging
 + Level 3.3(8.3) Stealth
 + Level 3.8(8.8) Shields
 * Level 1.7 Spellcasting
 + Level 3.5 Invocations


You had 10 spell levels left.
You knew the following spells:

 Your Spells              Type           Power        Failure   Level  Hunger
a - Swiftness             Chrm/Air       #.......     99%         2    ###....
b - Confuse               Hex            #.......     100%        3    ####...


Dungeon Overview and Level Annotations

Branches:
Dungeon (8/15)             Temple (1/1) D:7            Lair (6/6) D:8
  Swamp (0/4) Lair:2        Snake (0/4) Lair:2
  Slime: Lair:5-6

Altars:
Ashenzari
Cheibriados
Dithmenos
Elyvilon
Fedhas
Gozag
Hepliaklqana
Kikubaaqudgha
Makhleb
Nemelex Xobeh
Okawaru
Qazlal
Ru
Sif Muna
Trog
Uskayaw
Vehumet
Wu Jian
Xom
Yredelemnul
Zin
The Shining One

Annotations:
Lair:2 exclusion: oklob plant


Innate Abilities, Weirdness & Mutations

You are resistant to torment.
Your stone body is resilient. (AC +9)
You are immune to poison.
You resist negative energy. (rN+)
You are resistant to electric shocks. (rElec)
You can survive without breathing.
You are immune to petrification.
You are immune to rotting.
You are somewhat resistant to further mutation.


Message History

The wolf misses you.
You hit the yak.
The yak is moderately wounded.
The death yak seems less drained.
The yak barely misses you. The death yak closely misses you.
You block the wolf's attack.
You barely miss the yak.
The yak is moderately wounded.
The spiny frog barely misses you. The wolf bites you but does no damage.
You barely miss the yak.
The yak is moderately wounded.
The yak barely misses you. The death yak gores you.
* * * LOW HITPOINT WARNING * * *
The spiny frog stings you.
* * * LOW HITPOINT WARNING * * *
The wolf barely misses you.
As you read the scroll of teleportation, it crumbles to dust.
You feel strangely unstable. You block the wolf's attack.
The spiny frog barely misses you. The yak gores you but does no damage.
The death yak gores you!
You die...

...###.#.#..#.#
..... #
....#.....#.#.# ....
♣ .......#....#.#
......♣♣
.......##...#.# ...
......
......Y#......# ..
....♣.
.....Y.Y..#..## ..
......
.....#.#.#....# .#
...♣. ...
...#.#.##Y# .##
...... .
..##.#..YY#@##..#
...♣♣. ...
#..Y.##YhYF..## .#
## ..
##.#.†.Y#h#...# # .
.P.####...#†.##
..hF. #........#
##♣♣ .....
#.......P# #..♣ ..h.
##.......# ###.♣P
....
#.#....########..#.♣
##.................♣


You could see a death yak, 3 yaks, a spiny frog and 2 wolves.

Vanquished Creatures
  A minotaur (Lab)
  3 hydras
  7 death yaks
  Nergalle (Lair:2)
  Pikel (D:7)
  3 elephants
  7 black mambas
  6 spiny frogs
  8 komodo dragons
  2 rime drakes
  A minotaur skeleton (Lab)
  A hornet (D:8)
  2 tyrant leeches (Lair:2)
  14 blink frogs
  5 dream sheep (Lair:6)
  5 hippogriffs
  4 redbacks (Lab)
  2 shadows (Lab)
  22 yaks
  The ghost of Pad the Ruffian, an amateur NaTm (D:4)
  6 hungry ghosts
  2 basilisks
  A soldier ant (D:8)
  2 nagas (Lair:2)
  5 water moccasins
  9 porcupines
  5 orc warriors
  3 sky beasts
  A phantom (D:7)
  2 ogres
  13 wolves
  A centaur (D:5)
  4 crocodiles
  8 bullfrogs
  2 elf skeletons (D:7)
  2 scorpions (D:5)
  5 killer bees (D:7)
  An electric eel (Lair:2)
  A howler monkey (D:8)
  4 crimson imps
  A lava snake (Lair:2)
  4 centaur zombies
  2 bullfrog zombies
  3 orc priests
  5 hounds
  7 orc wizards
  A bullfrog skeleton (D:4)
  An iguana (D:4)
  4 worker ants
  9 big kobold zombies (Ossuary)
  A mummy (Ossuary)
  A hound skeleton (D:5)
  2 worker ant zombies
  6 gnolls
  2 river rats (D:8)
  10 adders
  2 shadow imps
  An ooze (D:3)
  3 adder zombies
  3 adder skeletons
  4 worms
  3 dart slugs
  4 leopard geckos
  44 orcs
  A spectral bat (Ossuary)
  3 ball pythons
  14 bats
  11 giant cockroaches
  11 goblins
  14 hobgoblins
  17 jackals
  12 quokkas
  A ball python zombie (D:4)
  2 bat simulacra (Ossuary)
  5 frilled lizards
  2 gnoll zombies (Ossuary)
  2 goblin simulacra (Ossuary)
  4 goblin zombies (Ossuary)
  3 hobgoblin zombies (Ossuary)
  A jackal zombie (D:4)
  16 kobolds
  2 kobold simulacra (Ossuary)
  2 kobold zombies (Ossuary)
  A leopard gecko skeleton (D:6)
  2 leopard gecko zombies (D:4)
  2 orc skeletons (D:7)
  10 orc zombies
  A quokka zombie (D:4)
  5 rats
  4 rat simulacra (Ossuary)
  5 spectral kobolds (Ossuary)
  3 spectral rats (Ossuary)
452 creatures vanquished.

Vanquished Creatures (others)
  An orc wizard (D:7)
  2 orcs (D:7)
  A gnoll zombie (Ossuary)
  A goblin zombie (Ossuary)
  3 kobolds (Bailey)
  8 fungi
  10 plants
26 creatures vanquished.

Grand Total: 478 creatures vanquished

Notes
Turn   | Place    | Note
-------+----------+-------------------------------------------
     0 | D:1      | Kairos the Gargoyle Gladiator began the quest for the Orb.
     0 | D:1      | Reached XP level 1. HP: 12/12 MP: 1/1
   489 | D:1      | Reached XP level 2. HP: 17/17 MP: 2/2
   624 | D:1      | Reached XP level 3. HP: 13/22 MP: 3/3
  1652 | D:2      | Reached XP level 4. HP: 27/27 MP: 1/4
  2210 | D:2      | Found a faded altar of an unknown god.
  2263 | D:2      | Reached skill level 1 in Armour
  2485 | D:2      | Reached XP level 5. HP: 32/32 MP: 5/5
  3392 | D:3      | Found a sacrificial altar of Ru.
  3493 | D:3      | Reached skill level 5 in Maces & Flails
  3970 | D:3      | Reached XP level 6. HP: 37/37 MP: 6/6
  4119 | D:3      | Reached skill level 2 in Armour
  4591 | D:4      | Found an opulent altar of Gozag.
  4911 | D:4      | Found a shattered altar of Ashenzari.
  4938 | D:4      | Reached XP level 7. HP: 25/42 MP: 7/7
  5107 | D:4      | Found a burning altar of Makhleb.
  5111 | D:4      | Reached skill level 3 in Armour
  5202 | D:4      | Found a sparkling altar of Nemelex Xobeh.
  5537 | D:4      | Noticed Pad's ghost (amateur NaTm)
  5573 | D:4      | Killed Pad's ghost
  5921 | D:5      | Entered Level 5 of the Dungeon
  5925 | D:5      | Found a glowing silver altar of Zin.
  5933 | D:5      | Reached XP level 8. HP: 37/48 MP: 2/8
  5989 | D:5      | Reached skill level 4 in Armour
  6298 | D:5      | Reached skill level 5 in Armour
  7072 | D:6      | Reached skill level 6 in Armour
  7342 | D:6      | Found a hazy altar of Hepliaklqana.
  7459 | D:6      | Reached XP level 9. HP: 53/53 MP: 9/9
  7616 | D:7      | Reached skill level 1 in Stealth
  7715 | D:7      | Reached skill level 5 in Fighting
  7738 | D:7      | Reached skill level 7 in Armour
  7791 | D:7      | Found a sand-covered staircase.
  7817 | Ossuary  | Entered an ossuary
  8355 | D:7      | Found a flagged portal.
  8374 | Bailey   | Entered a bailey
  8973 | Bailey   | Identified the Reference Book on Mutagenic Evil
  9267 | D:7      | Learned a level 2 spell: Swiftness
  9273 | D:7      | Noticed Pikel
  9299 | D:7      | Killed Pikel
  9299 | D:7      | Reached XP level 10. HP: 60/60 MP: 10/10
  9364 | D:7      | Found a staircase to the Ecumenical Temple.
  9416 | D:7      | Reached skill level 5 in Throwing
  9472 | Temple   | Entered the Ecumenical Temple
  9586 | Temple   | Became a worshipper of Warmaster Okawaru
 10103 | D:8      | Found a blossoming altar of Fedhas.
 10259 | D:8      | Noticed a death yak
 10410 | D:8      | Reached skill level 8 in Armour
 10531 | D:8      | Noticed a death yak
 10746 | D:8      | Found a radiant altar of Vehumet.
 10799 | D:8      | Found a staircase to the Lair.
 10808 | D:8      | Noticed a death yak
 10848 | D:8      | Gained mutation: You are somewhat resistant to further mutation. [potion of mutation]
 10863 | D:8      | Killed a death yak
 10863 | D:8      | Reached * piety under Okawaru
 10881 | D:8      | Killed a death yak
 10881 | D:8      | Reached ** piety under Okawaru
 10881 | D:8      | Reached skill level 10 in Maces & Flails
 10903 | D:8      | Killed a death yak
 11327 | Lair:1   | Entered Level 1 of the Lair of Beasts
 11344 | Lair:1   | Reached skill level 9 in Armour
 11353 | Lair:1   | Reached XP level 11. HP: 57/67 MP: 11/11
 11360 | Lair:1   | Reached *** piety under Okawaru
 12031 | Lair:1   | Reached **** piety under Okawaru
 12350 | Lair:1   | Received a gift from Okawaru
 12926 | Lair:2   | Reached skill level 10 in Armour
 13071 | Lair:2   | Reached ***** piety under Okawaru
 13165 | Lair:2   | Received a gift from Okawaru
 13196 | Lair:2   | Got a pair of brightly glowing gloves {god gift}
 13202 | Lair:2   | Identified the +1 pair of gloves of Coronation {Stlth+} (Okawaru gifted it to you on level 2 of the Lair of Beasts)
 13217 | Lair:2   | Learned a level 3 spell: Confuse
 13710 | Lair:2   | Reached XP level 12. HP: 43/76 MP: 12/12
 13711 | Lair:2   | Noticed a seven-headed hydra
 13968 | Lair:2   | Noticed Nergalle
 14143 | Lair:2   | Killed Nergalle
 14143 | Lair:2   | Reached skill level 1 in Invocations
 14151 | Lair:2   | Found a staircase to the Snake Pit.
 14305 | Lair:2   | Reached skill level 11 in Armour
 14523 | Lair:2   | Found a staircase to the Swamp.
 14653 | Lair:2   | Killed a seven-headed hydra
 15157 | Lair:3   | Reached skill level 5 in Dodging
 15639 | Lair:3   | Noticed a five-headed hydra
 15658 | Lair:3   | Killed a five-headed hydra
 15888 | Lair:4   | Reached skill level 12 in Armour
 16034 | Lair:4   | You fall through a shaft!
 16035 | Lair:5   | Noticed an eight-headed hydra
 16041 | Lair:5   | Noticed a death yak
 16067 | Lair:5   | Noticed a death yak
 16080 | Lair:5   | Noticed a death yak
 16113 | Lair:5   | Found a labyrinth entrance.
 16132 | Lab      | Entered a labyrinth
 16215 | Lab      | Found an exit through the horrors of the Abyss.
 16479 | Lab      | Reached skill level 10 in Fighting
 17008 | Lab      | Reached XP level 13. HP: 81/82 MP: 15/15
 17247 | Lab      | Noticed a minotaur
 17271 | Lab      | Killed a minotaur
 17271 | Lab      | Received a gift from Okawaru
 17276 | Lab      | Found the +0 mask of the Dragon {MR+ Slay+3 SInv}
 17276 | Lab      | Got a smoking turquoise ring
 17277 | Lab      | Got a steaming trident
 17277 | Lab      | Got a fine helmet
 17289 | Lab      | Identified the cursed -2 helmet "Renib" {MR+} (You found it in a labyrinth)
 17290 | Lab      | Identified the cursed ring of Nemeplow {rN+ Str+2 Slay-2} (You found it in a labyrinth)
 17292 | Lab      | Identified the +1 trident "Beetleslayer" {pierce, Str+5 Stlth+} (You found it in a labyrinth)
 17427 | Lair:4   | Reached skill level 1 in Polearms
 17923 | Lair:5   | Reached skill level 1 in Shields
 17954 | Lair:5   | Received a gift from Okawaru
 18102 | Lair:5   | Reached ****** piety under Okawaru
 18176 | Lair:5   | Received a gift from Okawaru
 18202 | Lair:5   | Received a gift from Okawaru
 18209 | Lair:5   | Got a slimy dire flail {god gift}
 18296 | Lair:2   | Identified the +1 dire flail "Jeniw" {drain, rC+ SInv} (Okawaru gifted it to you on level 5 of the Lair of Beasts)
 18909 | Lair:6   | Entered Level 6 of the Lair of Beasts
 18973 | Lair:6   | Reached skill level 13 in Armour
 18973 | Lair:6   | Reached skill level 1 in Spellcasting
 19293 | Lair:6   | Slain by a death yak

Skill      XL: |  1  2  3  4  5  6  7  8  9 10 11 12 13 |
---------------+----------------------------------------+-----
Maces & Flails | 4 5 6 7 8 9 10 11 12 | 12.9
Armour         | 1 2 3 6 7 9 10 12 13 | 13.0
Dodging        | 3 4 5 |  5.2
Fighting       | 3 4 5 7 9 10 | 10.8
Stealth        | 1 2 3 |  3.3
Throwing       | 4 6 |  6.2
Invocations    | 3 |  3.5
Polearms       | 3 |  3.0
Shields        | 3 |  3.8
Spellcasting   | 1 |  1.7

Action                   |  1- 3 |  4- 6 |  7- 9 | 10-12 | 13-15 || total
-------------------------+-------+-------+-------+-------+-------++-------
Melee: Flail             |   122 |   231 |   222 |       |       ||   575
       Whip              |    19 |   130 |   447 |  1033 |   156 ||  1785
       Punch             |       |       |       |     1 |     2 ||     3
       Dire flail        |       |       |       |       |   114 ||   114
       Trident           |       |       |       |       |    23 ||    23
Throw: Tomahawk          |       |       |    81 |    10 |     1 ||    92
Invok: Heroism           |       |       |       |    10 |     2 ||    12
       Finesse           |       |       |       |     2 |     1 ||     3
  Use: Scroll            |       |       |    14 |     7 |     3 ||    24
       Potion            |       |       |     1 |     5 |       ||     6
  Eat: Chunk             |     2 |     9 |     1 |    19 |     2 ||    33
       Ration            |       |     1 |     5 |     3 |     2 ||    11
Armor: Leather armour    |    13 |       |       |       |       ||    13
       Ring mail         |   103 |    70 |       |       |       ||   173
       Chain mail        |       |    98 |   216 |       |       ||   314
       Plate armour      |       |       |   178 |   469 |   183 ||   830
       Skin              |       |       |       |    10 |       ||    10
Dodge: Dodged            |   193 |   188 |   209 |   270 |   123 ||   983
Block: Other             |       |    13 |   150 |   176 |    28 ||   367
       Reflection        |       |     1 |    14 |     2 |       ||    17
       Buckler           |       |       |       |       |    54 ||    54
